cohdb
Replays
Latest Replays
All Replays
Popular Replays
Top Player Replays
Match Explorer
How It Works
Community
CoH3 Stats
Reddit
Sign in to upload your games and track your stats! →
Sign in with Steam
Match 42830115
Unlisted
Match 42830115
Overview
Messages
Build Orders
End
Selects Armored Battlegroup
Selects Assault Engineers
Assault Engineer Squad
Assault Engineer Squad
Construct Barracks
M1 Mortar Team
Selects M31 Recovery Vehicle
Construct Medical Station
Air Support Center
Riflemen Squad
P-47 Strafing Run
M1918 Browning Automatic Rifles
P-47 Dive Bomb
Grasshopper Recon Run
Construct Weapon Support Center
Riflemen Squad
P-47 Strafing Run
Grenade Package
Grasshopper Recon Run
Bazooka Squad
Assault Engineer Squad
Selects War Machine
Grasshopper Recon Run
P-47 Dive Bomb
Construct Tank Depot
P-47 Strafing Run
Improved M9 Bazooka Rockets
Grasshopper Recon Run
Selects Strength in Steel
.30 cal Machine Gun
M18 Hellcat Tank Destroyer
P-47 Strafing Run
Grasshopper Recon Run
Assault Engineer Squad
M18 Hellcat Tank Destroyer
Grasshopper Recon Run
Assault Engineer Squad
P-47 Strafing Run
Mortar Pit
Grasshopper Recon Run
Selects Seek and Destroy
Selects UNKNOWN (2160077)
M4A3E8 Sherman Easy Eight
P-47 Strafing Run
M31 Recovery Vehicle
Grasshopper Recon Run
P-47 Dive Bomb
Assault Engineer Squad
M4A3E8 Sherman Easy Eight
Riflemen Squad
Grasshopper Recon Run
P-47 Strafing Run
P-47 Dive Bomb
Grasshopper Recon Run
Minipax
MoS
eeeeyefox
KIMCHIMAN
火蔷薇十字弓队
Valar[M]orgHulis
vincent
This game made me racer. F CH*NA
0
0
Comments
sign in to comment!
No comments posted yet!